 Dungeon Crawl Stone Soup version 0.24-a0-243-g8f5f5cd (webtiles) character file.

Game seed: 4046281596717902014

63 Hylith the Skirmisher (level 3, -3/29 HPs)
             Began as a Demonspawn Fighter on Apr 9, 2019.
             Slain by Natasha (8 damage)
             ... on level 2 of the Dungeon.
             The game lasted 00:03:14 (1012 turns).

Hylith the Skirmisher (Demonspawn Fighter)          Turns: 1012, Time: 00:03:15

Health: -3/29      AC:  7    Str: 17    XL:     3   Next: 87%
Magic:  3/3        EV:  7    Int:  9    God:
Gold:   129        SH:  9    Dex: 12    Spells: 2/2 levels left

rFire    . . .     SeeInvis .   a - +0 flail
rCold    . . .     Gourm    .   c - +0 shield
rNeg     . . .     Faith    .   b - +0 scale mail
rPois    .         Spirit   .   (no helmet)
rElec    .         Reflect  .   (no cloak)
rCorr    .         Harm     .   h - +0 pair of gloves
MR       .....                  (no boots)
Stlth    ..........             (no amulet)
HPRegen  0.09/turn              (no ring)
MPRegen  0.08/turn              (no ring)

@: no status effects
A: demonic guardian 1
a: no special abilities


You were on level 2 of the Dungeon.
You were not hungry.

You visited 1 branch of the dungeon, and saw 2 of its levels.

You collected 129 gold pieces.

Inventory:

Hand Weapons
 a - a +0 flail (weapon)
 p - a +4 club
Armour
 b - a +0 scale mail (worn)
 c - a +0 shield (worn)
 g - a +2 robe of positive energy
 h - a +0 pair of gloves (worn)
Wands
 o - a wand of random effects (20)
Scrolls
 m - a scroll of enchant weapon {unknown}
 n - 3 scrolls of enchant armour {unknown}
 q - a scroll of identify {unknown}
Potions
 d - a potion of might
 e - a potion of mutation {unknown}
 i - 2 potions of agility {unknown}
 j - a potion of resistance {unknown}
 k - a potion of flight {unknown}
Comestibles
 f - 5 rations
 l - 4 chunks of flesh


   Skills:
 * Level 3.5 Fighting
 * Level 2.5 Maces & Flails
 + Level 3.0 Armour
 * Level 3.2 Shields


You had 2 spell levels left.
You didn't know any spells.
Your spell library was empty.

Dungeon Overview and Level Annotations

Branches:
Dungeon (2/15)

Altars:

Annotations:
D:2 Natasha


Innate Abilities, Weirdness & Mutations

A weak demonic guardian rushes to your aid.


Message History

You are too injured to fight recklessly!
You are too injured to fight recklessly!
You are too injured to fight recklessly!
You are too injured to fight recklessly!
Unknown command.
You closely miss Natasha.
Natasha is heavily wounded.
You block Natasha's attack. Natasha casts a spell at you.
The magic dart hits you!
* * * LOW HITPOINT WARNING * * *
Your iron imp hits Natasha.
You barely miss Natasha.
Natasha is severely wounded.
Your iron imp barely misses Natasha.
You block Natasha's attack.
You closely miss Natasha.
Natasha is severely wounded.
Your iron imp disappears in a puff of smoke!
Natasha claws you!
You die...

##.#.##..##. #...####.
######........... ...#.# #.
#####.......#.###....###...#
## ##.....####.##.# .. ..
..### ....######..##<##.###
... ............).........
....#....()###.##.####
....#......# #.#..#
....#......# #.#@#
#####......# #§h.#
#......###5###
#......#.....#
#......#.....#
#............#
#######.###### #....(...
#########


You could see Natasha and a crimson imp.

Vanquished Creatures
  Jessica (D:2)
  An adder (D:2)
  A dart slug (D:1)
  A goblin (D:2)
  A hobgoblin (D:1)
  2 bats (D:1)
  3 kobolds
  2 rats
12 creatures vanquished.

Vanquished Creatures (collateral kills)
  Natasha (D:2)
1 creature vanquished.

Grand Total: 13 creatures vanquished

Notes
Turn   | Place    | Note
-------+----------+-------------------------------------------
     0 | D:1      | Hylith the Demonspawn Fighter began the quest for the Orb.
     0 | D:1      | Reached XP level 1. HP: 18/18 MP: 1/1
   407 | D:1      | Gained mutation: A weak demonic guardian rushes to your
                  | aid. [demonic ancestry]
   407 | D:1      | Reached XP level 2. HP: 24/24 MP: 2/2
   875 | D:2      | Noticed Natasha
   884 | D:2      | Killed Natasha
   884 | D:2      | Reached XP level 3. HP: 14/29 MP: 3/3
   922 | D:2      | Noticed Jessica
   925 | D:2      | Killed Jessica
   998 | D:2      | Noticed Natasha
  1012 | D:2      | Slain by Natasha

Levels and vault maps discovered:
D:1:      dpeg_arrival_tiny_c, layout_basic, serial_glass, glass_columns_a,
          glass_columns_a, glass_columns_a, glass_columns_a, amethyst_killhole,
          chequers_jeans
D:2:      layout_rooms, first_ration, uniq_jessica, uniq_natasha

Skill      XL: |  1  2  3 |
---------------+----------+-----
Maces & Flails | 2 |  2.5
Shields        | 3 |  3.2
Armour         | 3 |  3.0
Fighting       | |  3.5

Action                   || total
-------------------------++-------
Melee: Flail             ||    55
Armor: Scale mail        ||    23
Dodge: Dodged            ||    10
Block: Shield            ||    29

Table legend:
 A = Non-vault XP
 B = Vault XP
 C = Vault XP percentage of total XP
 D = Non-vault monster count
 E = Vault monster count
 F = Vault count percentage of total count
                 A         B        C        D         E       F
            +---------+---------+-------+---------+---------+-------
      Total |      30 |      60 |  66.7 |      11 |       2 |  15.4
            +---------+---------+-------+---------+---------+-------
        D:1 |      13 |       0 |   0.0 |       7 |       0 |   0.0
        D:2 |      17 |      60 |  77.9 |       4 |       2 |  33.3
            +---------+---------+-------+---------+---------+-------
